 Dungeon Crawl Stone Soup version 0.16-a0-783-gf476f6a (webtiles) character file.

131155 PolkaDot the Convoker (level 16, 0/112 HPs)
             Began as a Vampire Summoner on Sept 26, 2014.
             Was the Champion of Sif Muna.
             Killed from afar by a deep elf annihilator (57 damage)
             ... with a crystal spear
             ... on Level 3 of the Elven Halls.
             The game lasted 03:38:55 (34470 turns).

PolkaDot the Convoker (Vampire Summoner)           Turns: 34470, Time: 03:38:55

HP   0/112       AC 22     Str  7      XL: 16   Next: 54%
MP   0/37        EV 22     Int 24      God: Sif Muna [******]
Gold 3801        SH  0     Dex 17      Spells:  7 memorised,  7 levels left

rFire  . . .     SeeInvis +     q - +8 quarterstaff (chaos)
rCold  + + .     Clarity  .     U - +4 moon troll leather armour {Spirit, MP+5 Regen}
rNeg   + + +     rCorr    .     (no shield)
rPois  +         rRot     +     b - +2 hat
rElec  .         Spirit   +     y - +2 cloak
SustAb .         Warding  +     k - +2 pair of gloves {Dex+3}
rMut   .         Stasis   .     d - +1 pair of boots
Gourm  .                        C - amulet of warding
MR     +....                    B - +4 ring of protection
                                s - +5 ring of evasion

@: lethally poisoned, about to teleport, regenerating slowly, somewhat resistant
to hostile enchantments, fairly stealthy
A: bottle blood, fangs 3, see invisible, blink 1, clever 1, unbreathing
a: Bat Form, Bottle Blood, Blink, Channel Energy, Forget Spell, Renounce
Religion


You were on level 3 of the Elven Halls.
You worshipped Sif Muna.
Sif Muna was exalted by your worship.
You were near bloodless.

You visited 5 branches of the dungeon, and saw 31 of its levels.
You also visited: Labyrinth and Ice Cave.

You collected 4295 gold pieces.
You spent 494 gold pieces at shops.

Inventory:

Hand weapons
 q - a +8 quarterstaff of chaos (weapon)
 O - a +0 quarterstaff of freezing
Missiles
 L - 4 throwing nets (quivered)
Armour
 b - a +2 hat (worn)
 d - a +1 pair of boots (worn)
 k - a +2 pair of gloves of dexterity (worn)
 y - a +2 cloak (worn)
 U - the +4 moon troll leather armour (worn) {Spirit, MP+5 Regen}
   (You found it in a labyrinth)

   It affects your magic capacity (+5).
   It increases your rate of regeneration.
Magical devices
 i - a wand of draining (1)
 p - a wand of fire (6)
 v - a wand of flame (15)
 A - a wand of polymorph (13)
 J - a wand of paralysis (7)
 K - a wand of fireball (7)
 Q - a wand of cold (8)
 R - a wand of invisibility (2)
 X - a wand of disintegration (4)
Scrolls
 f - a scroll of vulnerability
 g - 7 scrolls of identify
 m - 8 scrolls of recharging
 n - a scroll of amnesia
 o - 3 scrolls of immolation
 t - 10 scrolls of remove curse
 x - 6 scrolls of teleportation
 z - a scroll of torment
 D - a scroll of enchant armour
 E - a scroll of fog
 S - a scroll of silence
 V - a scroll of blinking
Jewellery
 a - an uncursed ring of teleportation
 s - a +5 ring of evasion (left hand)
 w - an uncursed amulet of resist mutation
 B - a +4 ring of protection (right hand)
 C - an amulet of warding (around neck)
 G - an uncursed ring of protection from fire
 N - an uncursed ring of sustain abilities
 Y - an uncursed ring of protection from magic
Potions
 c - 4 potions of cancellation
 e - 9 potions of curing
 j - 2 potions of brilliance
 r - 3 potions of restore abilities
 F - a potion of invisibility {unknown}
 I - a potion of flight
 P - a potion of might
 W - a potion of resistance
 Z - 2 potions of agility
Books
 h - Sif Muna's Catalogue of Summoning {god gift}
   (Sif Muna gifted it to you on level 13 of the Dungeon)

   Spells                             Type                      Level
   Summon Butterflies                 Summoning                    1
   Call Imp                           Summoning                    2
   Recall                             Summoning/Translocation      3
   *Monstrous Menagerie               Summoning                    6
   Summon Horrible Things             Summoning                    8
 l - the Catalogue of Companions
   (You found it on level 1 of the Elven Halls)

   Spells                             Type                      Level
   Summon Butterflies                 Summoning                    1
   Summon Small Mammal                Summoning                    1
   Call Imp                           Summoning                    2
   *Call Canine Familiar              Summoning                    3
   Summon Lightning Spire             Summoning/Air                4
   Shadow Creatures                   Summoning                    5
 u - Kulil's Volume of the Voyage and Curses {god gift}
   (Sif Muna gifted it to you on level 2 of the Elven Halls)

   Spells                             Type                      Level
   *Blink                             Translocation                2
   Spectral Weapon                    Hexes/Charms                 3
   Fulminant Prism                    Conjuration/Hexes            4
   Passage of Golubria                Translocation                4
   Malign Gateway                     Summoning/Translocation      7
 M - Sif Muna's Incunabulum of the Ensnaring Entourage {god gift}
   (Sif Muna gifted it to you on level 7 of the Lair of Beasts)

   Spells                             Type                      Level
   Summon Butterflies                 Summoning                    1
   Sure Blade                         Hexes/Charms                 2
   Recall                             Summoning/Translocation      3
   *Summon Mana Viper                 Hexes/Summoning              5
   Aura of Abjuration                 Summoning                    6
 T - a book of Enchantments

   Spells                             Type                      Level
   Tukima's Dance                     Hexes                        3
   Cause Fear                         Hexes                        4
   Silence                            Hexes/Air                    5
   Deflect Missiles                   Charms/Air                   6
   Haste                              Charms                       6
   Discord                            Hexes                        8
Rods
 H - a +0 rod of shadows (12/12)
   (You took it off a minotaur in a labyrinth)


   Skills:
 + Level 6.2 Fighting
 - Level 14.6 Staves
 - Level 10.0 Dodging
 - Level 3.0 Stealth
 * Level 8.7 Spellcasting
 - Level 6.0 Hexes
 + Level 16.3 Summonings
 - Level 5.3 Translocations
 - Level 6.2 Ice Magic
 - Level 5.2 Invocations
 - Level 1.7 Evocations


You had 7 spell levels left.
You knew the following spells:

 Your Spells              Type           Power        Failure   Level  Hunger
d - Call Canine Familiar  Summ           ######..     1%          3    None
g - Summon Guardian Gole  Hex/Summ       ######..     1%          4    ##.....
i - Summon Ice Beast      Ice/Summ       ######..     1%          4    ##.....
m - Monstrous Menagerie   Summ           ######....   1%          6    ######.
q - Blink                 Tloc           N/A          1%          2    None
v - Summon Mana Viper     Hex/Summ       ######..     1%          5    ####...
A - Apportation           Tloc           #####.....   1%          1    None


Dungeon Overview and Level Annotations

Branches:
Dungeon (15/15)            Temple (1/1) D:7             Orc (4/4) D:10
    Elf (3/3) Orc:4          Lair (8/8) D:11         Shoals (0/5) Lair:4
 Spider (0/5) Lair:4        Slime (0/6) Lair:8       Vaults (0/5) D:13
 Depths (0/5) D:15

Altars:
Ashenzari
Cheibriados
Dithmenos
Elyvilon
Fedhas
Gozag
Kikubaaqudgha
Makhleb
Nemelex Xobeh
Okawaru
Qazlal
Ru
Sif Muna
Trog
Vehumet
Xom
Yredelemnul
Zin
The Shining One
Jiyva

Shops:
D:5 [   D:6 (   D:8 *   Orc:4 *([=

Portals:
Trove: Elf:3 (give 5 potions of haste)


Innate Abilities, Weirdness & Mutations

You heal slowly.
You can bottle blood from corpses.
You have razor-sharp teeth.
You have supernaturally acute eyesight.
You can survive without breathing.
You can translocate small distances at will.
Your mind is acute. (Int +2)


Message History

The deep elf demonologist moves out of view.
The deep elf blademaster hits you but does no damage.
You are poisoned.
The deep elf blademaster completely misses you.
Your manticore bites the deep elf blademaster!!
Your manticore claws the deep elf blademaster!
Your manticore closely misses the deep elf blademaster.
The deep elf annihilator shouts!
The deep elf demonologist mumbles some strange words.
The deep elf annihilator mumbles some strange words.
The deep elf annihilator blinks!
The deep elf blademaster hits you but does no damage. x2
Your manticore bites the deep elf blademaster!
Your manticore claws the deep elf blademaster!
Your manticore completely misses the deep elf blademaster.
The deep elf annihilator casts a spell at you.
The crystal spear hits you!
* * * LOW MAGIC WARNING * * *
Ouch! That really hurt!
You die...

,,,,,,**,,,,,##...,,,,**
,,*,,,,**,.,**....*,,,,**
,***,,,,*#'#*,...##*,,,,*
,,*,,,,*#...#*....#,,,,**
,,,,,,**.....##...,,,,** ##*
,,,,,,,,........),,,,** #.######
*,,,*,,.§...e...#,,,### *#.##<..
**,**,,#.e...#e(##,##.## #......
,***,,,,**,*#.§§@###...####.##.##
,,*,,,,,***##§§e§§#)....##.....#
,,,,,,,,,* #§§§H§§)))⌠)((...####
,,*,,,,,***##§§§§§#))).)##...##
,***,,,,**,*#§§§e###...###....###
**,**,,#.....#.§##,##.## #.......
*,,,*,,,.......e#,,,### #.......
,,,,,,,,.......(.,,,,** #...####
,,,,,,**.....##(.,,,,,** #..##


You could see a deep elf blademaster, a deep elf master archer, a deep elf
annihilator and a friendly manticore (wandering).

Vanquished Creatures
  Mara (Elf:3)
  A dire elephant (Lair:8)
  7 vault guards (D:13)
  A minotaur (Lab)
  Fannar (D:15)
  Harold (D:10)
  Erica (Lair:3)
  3 centaur warriors
  A tengu warrior (D:15)
  6 dancing weapons (Elf:2)
  14 death yaks
  A catoblepas (Lair:4)
  An unseen horror (D:14)
  6 deep elf knights
  4 deep elf summoners
  An orc knight (Orc:3)
  A wizard (Lair:8)
  5 deep elf conjurers
  3 cyclopes
  A hill giant (D:13)
  2 griffons
  A manticore (D:15)
  9 elephants
  A centaur zombie (D:14)
  3 black mambas
  6 spiny frogs
  The ghost of soonmide the Twirler, an experienced HuGl of Ashenzari (D:5)
  A fire drake (Lair:8)
  A demonic crawler (Elf:1)
  A kobold demonologist (D:11)
  4 komodo dragons
  A blue devil (Lair:8)
  3 deep elf priests
  4 trolls
  A polar bear (Lair:6)
  A hydra zombie (D:15)
  A trapdoor spider zombie (D:11)
  13 blink frogs
  A boulder beetle (Lair:8)
  A two-headed ogre (D:13)
  2 slime creatures
  A basilisk (Lab)
  2 ravens (D:15)
  A trapdoor spider (Lair:6)
  26 yaks
  A hungry ghost (D:12)
  A hog (D:7)
  4 vampire mosquitoes
  5 deep elf magi
  Grum (D:8)
  2 wyverns
  A hog (shapeshifter) (D:14)
  A human (D:7)
  8 wolves
  10 deep elf fighters
  10 hippogriffs
  15 water moccasins
  14 ice beasts
  3 spiders (Lair:4)
  12 orc warriors
  A yellow wasp (D:13)
  5 porcupines
  2 boring beetles (Lair:8)
  2 sky beasts
  5 ogres
  9 phantoms
  2 necrophages
  3 big kobolds
  13 crocodiles
  Duvessa (D:9)
  5 centaurs
  A gnoll sergeant (D:12)
  Blork the orc (D:8)
  21 giant frogs
  A brain worm (shapeshifter) (D:8)
  A komodo dragon skeleton (D:8)
  2 cyclops zombies
  3 scorpions
  A killer bee (shapeshifter) (D:9)
  2 electric eels
  A killer bee (D:8)
  9 wights
  A goliath beetle (D:8)
  Dowan (D:9)
  A giant frog zombie (D:8)
  2 jellies
  9 crimson imps
  A kobold zombie (D:14)
  25 orc priests
  An elf skeleton (D:11)
  A soldier ant zombie (D:11)
  A wyvern simulacrum (D:14)
  14 hounds
  28 orc wizards
  3 quasits
  3 iguanas
  An orange rat (Elf:1)
  11 worker ants
  A killer bee zombie (D:8)
  20 sheep
  Jessica (D:3)
  A hound skeleton (D:7)
  37 green rats
  A worker ant zombie (D:6)
  23 adders
  4 shadow imps
  2 giant mites
  A worm (D:4)
  3 adder skeletons
  2 iguana zombies
  7 giant geckos
  3 oozes
  99 orcs
  A ball python (D:2)
  A bat skeleton (D:4)
  4 giant cockroaches
  15 goblins
  19 hobgoblins
  7 jackals
  18 quokkas
  16 bats
  A giant newt (D:5)
  A hobgoblin skeleton (D:4)
  A hobgoblin zombie (D:5)
  21 kobolds
  A kobold skeleton (D:6)
  2 orc zombies (D:5)
  18 rats
  A ballistomycete (D:8)
  A butterfly (D:7)
  A fungus (Elf:2)
  11 plants
775 creatures vanquished.

Vanquished Creatures (collateral kills)
  Saint Roka (Orc:4)
  2 deep elf blademasters
  Rupert (Elf:2)
  Frances (Elf:2)
  Kirke (Elf:2)
  The ghost of Sar the Fighter, a mighty DsIE of Ashenzari (D:15)
  3 deep elf sorcerers
  An orc warlord (Orc:4)
  3 deep elf demonologists
  2 dire elephants
  5 deep elf annihilators (Elf:3)
  Snorg (Lair:6)
  6 deep elf death magi (Elf:3)
  2 deep elf high priests (Elf:3)
  A vault guard (D:13)
  Josephine (D:15)
  2 ice dragons (IceCv)
  7 hydras
  7 dancing weapons (Elf:2)
  3 orc high priests
  9 death yaks
  2 tengu warriors (D:15)
  A catoblepas (Lair:5)
  A sun demon (Lair:8)
  3 slime creatures
  17 deep elf knights
  A sea snake (D:11)
  6 deep elf summoners
  2 ice statues (IceCv)
  2 hill giants
  4 orc knights
  4 orc sorcerers
  8 deep elf conjurers
  A hellion (Elf:1)
  3 sixfirhies
  3 ugly things
  2 harpies
  An oklob plant (Lair:5)
  A manticore (D:12)
  3 cyclopes
  A griffon (Lair:7)
  A centaur zombie (D:15)
  Maurice (Orc:1)
  3 black mambas
  A naga mage (D:15)
  2 elephants
  Psyche (Orc:1)
  10 spiny frogs
  6 komodo dragons
  2 orange demons
  An iron devil (Elf:1)
  A smoke demon (Orc:4)
  A kobold demonologist (D:15)
  10 deep elf priests
  A hellwing (Elf:3)
  A hydra zombie (D:15)
  A jumping spider (shapeshifter) (Elf:1)
  9 blue devils
  3 fire drakes
  3 jumping spiders
  13 blink frogs
  2 trolls
  2 boulder beetles (Lair:7)
  A raven (D:15)
  The ghost of soonmide the Twirler, an average TeGl (D:4)
  2 basilisks
  4 redbacks
  3 tarantellas
  3 wraiths
  16 yaks
  A spriggan (Lair:4)
  11 ice beasts
  6 deep elf magi
  A shadow (D:13)
  20 deep elf fighters
  5 hogs (Elf:2)
  13 wolves
  A fire bat (Lair:7)
  3 wargs
  A hippogriff (D:15)
  A deep troll zombie (D:15)
  2 porcupines
  A vampire mosquito (D:12)
  4 water moccasins
  A human skeleton (D:15)
  3 spiders (Lair:4)
  2 necrophages
  23 orc warriors
  6 ogres
  4 crocodiles
  Sigmund (D:7)
  A lost soul (Elf:3)
  A giant frog (Lair:4)
  A big kobold (D:15)
  A warg zombie (Orc:4)
  A wight (D:6)
  A tengu skeleton (D:15)
  2 electric eels
  5 orc wizards
  Crazy Yiuf (D:2)
  An orc priest (D:6)
  12 orange rats
  A worker ant (D:11)
  5 sheep
  Terence (D:2)
  An adder (Lair:6)
  8 green rats
  3 gnolls (D:12)
  A worm (D:2)
  An electric eel zombie (D:15)
  2 orc skeletons (Orc:2)
  40 orcs
  3 goblins
  A hobgoblin (D:1)
  2 kobolds
  A bat (D:1)
  A giant spore (D:10)
  4 orc zombies
  5 crawling corpses
  2 fungi
  A plant (Lair:5)
451 creatures vanquished.

Vanquished Creatures (others)
  3 sphinxes
  A dancing weapon (Elf:2)
  2 death yaks (Lair:8)
  11 harpies
  8 lindwurms
  A deep elf knight (Elf:3)
  38 mana vipers
  12 manticores
  A human (Elf:2)
  2 orange demons (Lair:8)
  A hellwing (Lair:8)
  A komodo dragon (Lair:8)
  A blue devil (Lair:8)
  12 guardian golems
  A boulder beetle (Lair:8)
  2 deep elf magi
  20 wolves
  A deep elf fighter (Elf:3)
  9 wargs
  A water moccasin (Lair:8)
  74 ice beasts
  A crocodile (Lair:8)
  4 lost souls (Elf:3)
  3 crimson imps
  2 jellies
  An orange rat (Elf:2)
  8 hounds
  A two-headed ogre zombie (D:13)
  A green rat (Lair:4)
  An adder (Lair:8)
  6 white imps
  An orc zombie (D:9)
  2 orcs
  A bat (D:6)
  A giant spore (D:8)
  2 rats (D:6)
  A crawling corpse (Elf:3)
  2 fungi
  10 plants
250 creatures vanquished.

Grand Total: 1476 creatures vanquished

Notes
Turn   | Place    | Note
--------------------------------------------------------------
     0 | D:1      | PolkaDot, the Vampire Summoner, began the quest for the Orb.
     0 | D:1      | Reached XP level 1. HP: 13/13 MP: 3/3
   282 | D:1      | Reached skill level 1 in Evocations
   290 | D:1      | Reached skill level 1 in Fighting
   291 | D:1      | Reached XP level 2. HP: 15/21 MP: 4/4
   943 | D:2      | Noticed Terence
   954 | D:1      | Learned a level 2 spell: Call Imp
   986 | D:2      | Reached XP level 3. HP: 17/27 MP: 6/6
  1104 | D:2      | Learned a level 3 spell: Call Canine Familiar
  1184 | D:2      | Noticed Crazy Yiuf
  1202 | D:2      | Killed Crazy Yiuf
  1507 | D:2      | Reached XP level 4. HP: 27/34 MP: 7/7
  1583 | D:2      | Killed Terence
  1583 | D:2      | Reached skill level 1 in Staves
  1944 | D:3      | Noticed Jessica
  1953 | D:3      | Killed Jessica
  2195 | D:4      | Reached XP level 5. HP: 39/39 MP: 9/9
  2208 | D:4      | Gained mutation: You can translocate small distances at will. [potion of mutation]
  2208 | D:4      | Gained mutation: Your mind is acute. (Int +2) [potion of mutation]
  2297 | D:5      | Entered Level 5 of the Dungeon
  2297 | D:5      | Noticed soonmide's ghost (experienced HuGl)
  2400 | D:5      | Reached XP level 6. HP: 41/45 MP: 10/10
  2465 | D:5      | Found Twuanor's Antique Armour Shoppe.
  2472 | D:5      | Bought a pair of embroidered gloves for 76 gold pieces
  2501 | D:5      | Killed soonmide's ghost
  2501 | D:5      | Reached skill level 5 in Staves
  2559 | D:5      | Reached XP level 7. HP: 40/51 MP: 9/12
  3102 | D:6      | Reached skill level 6 in Staves
  3166 | D:6      | Found a shimmering altar of Xom.
  3238 | D:6      | Found Strourghue's Antique Weapon Emporium.
  3309 | D:6      | Reached skill level 7 in Staves
  3309 | D:6      | Reached XP level 8. HP: 49/57 MP: 2/13
  3485 | D:6      | Reached skill level 8 in Staves
  3784 | D:7      | Noticed Sigmund
  3805 | D:7      | Killed Sigmund
  3932 | D:7      | Reached skill level 9 in Staves
  3991 | D:7      | Found a staircase to the Ecumenical Temple.
  4002 | Temple   | Entered the Ecumenical Temple
  4114 | Temple   | Became a worshipper of Sif Muna the Loreminder
  4128 | Temple   | Learned a level 4 spell: Summon Ice Beast
  4130 | Temple   | Learned a level 1 spell: Apportation
  4204 | D:7      | Reached XP level 9. HP: 45/62 MP: 14/14
  4230 | D:7      | Reached skill level 5 in Summonings
  4640 | D:4      | Noticed a phantom
  4662 | D:4      | Killed a phantom
  4693 | D:4      | Got a shimmering buckler
  4700 | D:4      | Identified the cursed -5 buckler of Prikuzyst {Str-4 Int-1 Curse} (You found it on level 4 of the Dungeon)
  4739 | D:4      | Acquired Sif Muna's first power
  4817 | D:4      | Noticed soonmide's ghost (average TeGl)
  4838 | D:4      | Killed soonmide's ghost
  5285 | D:5      | Bought an embroidered cloak for 76 gold pieces
  5297 | D:5      | Bought a slimy robe for 96 gold pieces
  5308 | D:5      | Identified the +0 robe "Joumai" {Dex+2 Int-3} (You bought it in a shop on level 5 of the Dungeon)
  5497 | D:8      | Noticed Grum
  5512 | D:8      | Killed Grum
  5736 | D:8      | Reached skill level 10 in Staves
  5742 | D:8      | Acquired Sif Muna's second power
  5762 | D:8      | Reached XP level 10. HP: 39/68 MP: 16/16
  6019 | D:8      | Paralysed by a kobold for 5 turns
  6312 | D:8      | Found Gibasuv's Assorted Antiques.
  6318 | D:8      | Noticed Blork the orc
  6328 | D:8      | Killed Blork the orc
  6342 | D:8      | Found a snail-covered altar of Cheibriados.
  7047 | D:9      | Found a deep blue altar of Sif Muna.
  7175 | D:9      | Reached skill level 10 in Summonings
  7211 | D:9      | Noticed Dowan
  7214 | D:9      | Noticed Duvessa
  7232 | D:9      | Killed Duvessa
  7251 | D:9      | Killed Dowan
  7295 | D:10     | Entered Level 10 of the Dungeon
  7569 | D:10     | Noticed Harold
  7597 | D:10     | Found a staircase to the Orcish Mines.
  7602 | D:10     | Killed Harold
  7602 | D:10     | Reached skill level 1 in Ice Magic
  7698 | D:10     | Found a burning altar of Makhleb.
  7724 | D:10     | Reached XP level 11. HP: 73/73 MP: 17/17
  8147 | D:11     | Found a labyrinth entrance.
  8169 | Lab      | Entered a labyrinth
  8414 | Lab      | Noticed a minotaur
  8427 | Lab      | Killed a minotaur
  8427 | Lab      | Reached skill level 11 in Staves
  8459 | Lab      | Identified a +0 rod of shadows (12/12) (You took it off a minotaur in a labyrinth)
  8544 | D:11     | Noticed an ice devil
  8560 | D:11     | Found a staircase to the Lair.
  8813 | D:11     | Acquired Sif Muna's third power
  8881 | D:11     | Noticed a five-headed hydra
  8903 | D:11     | Killed a five-headed hydra
  9241 | D:11     | Reached skill level 5 in Ice Magic
  9326 | D:11     | Noticed Nessos
  9363 | D:11     | HP: 3/73 [Nessos/ poisoned arrow (1)]
  9482 | D:11     | Noticed Nessos
  9482 | D:11     | Nessos changed into Nessos the sea snake
  9492 | D:11     | Killed Nessos the sea snake
  9709 | D:11     | Noticed a seven-headed hydra
  9716 | D:11     | Killed a seven-headed hydra
 10015 | D:11     | Noticed a hill giant
 10034 | D:11     | Killed a hill giant
 10034 | D:11     | Reached skill level 1 in Translocations
 10057 | Lair:1   | Entered Level 1 of the Lair of Beasts
 10154 | Lair:1   | Noticed an eight-headed hydra
 10164 | Lair:1   | Killed an eight-headed hydra
 10843 | Lair:1   | Reached XP level 12. HP: 79/79 MP: 18/18
 11721 | Lair:3   | Noticed Erica
 11744 | Lair:3   | Killed Erica
 11883 | Lair:3   | Reached skill level 12 in Summonings
 12701 | Lair:3   | Reached skill level 5 in Translocations
 12712 | Lair:3   | Received a gift from Sif Muna
 12713 | Lair:3   | Identified Sif Muna's Witchery for Beginners {god gift} (Sif Muna gifted it to you on level 3 of the Lair of Beasts)
 12864 | Lair:3   | Learned a level 4 spell: Summon Guardian Golem
 12888 | Lair:3   | Reached skill level 1 in Hexes
 12970 | Lair:4   | Found a staircase to the Shoals.
 13077 | Lair:4   | Found a hole to the Spider Nest.
 13258 | Lair:4   | Reached skill level 5 in Hexes
 13533 | Lair:4   | Noticed a six-headed hydra
 13670 | Lair:4   | Killed a six-headed hydra
 13823 | Lair:4   | Reached XP level 13. HP: 66/85 MP: 9/19
 15093 | Lair:5   | HP: 2/85 [catoblepas (44)]
 15841 | Lair:5   | Reached skill level 13 in Summonings
 16123 | Lair:6   | Found a bloodstained altar of Trog.
 16257 | Lair:6   | Noticed Snorg
 16282 | Lair:6   | Killed Snorg
 17539 | Lair:7   | Received a gift from Sif Muna
 17540 | Lair:7   | Identified Sif Muna's Incunabulum of the Ensnaring Entourage {god gift} (Sif Muna gifted it to you on level 7 of the Lair of Beasts)
 17971 | Lair:7   | Reached skill level 1 in Invocations
 18210 | Lair:8   | Entered Level 8 of the Lair of Beasts
 18230 | Lair:8   | Noticed a dire elephant
 18264 | Lair:8   | Killed a dire elephant
 18612 | Lair:8   | Found a viscous altar of Jiyva.
 18613 | Lair:8   | Found a staircase to the Slime Pits.
 18682 | Lair:8   | Reached skill level 14 in Staves
 18994 | Lair:7   | Reached XP level 14. HP: 67/91 MP: 6/20
 20098 | Lair:8   | Noticed a dire elephant
 20120 | Lair:8   | Killed a dire elephant
 20667 | Lair:8   | Learned a level 5 spell: Summon Mana Viper
 20743 | Lair:8   | Found a burning altar of Makhleb.
 20932 | Lair:8   | Found a gateway to Hell.
 21534 | D:12     | Noticed a hill giant
 21542 | D:12     | Killed a hill giant
 22814 | D:13     | Found a frozen archway.
 22850 | IceCv    | Entered an ice cave
 23979 | D:13     | Found a gate to the Vaults.
 23998 | D:13     | Received a gift from Sif Muna
 23999 | D:13     | Identified Sif Muna's Catalogue of Summoning {god gift} (Sif Muna gifted it to you on level 13 of the Dungeon)
 24051 | D:13     | Reached skill level 5 in Invocations
 24620 | D:14     | Got a crude robe
 24622 | D:14     | Identified the +0 robe of Listlessness {Int+2 Slay+3} (You found it on level 14 of the Dungeon)
 24787 | D:14     | Reached skill level 15 in Summonings
 24861 | D:14     | Reached skill level 5 in Fighting
 24863 | D:14     | Reached XP level 15. HP: 96/103 MP: 24/24
 25276 | D:15     | Entered Level 15 of the Dungeon
 25276 | D:15     | Noticed Fannar
 25286 | D:15     | Killed Fannar
 25458 | D:15     | Noticed Josephine
 25481 | D:15     | Killed Josephine
 25984 | D:15     | Noticed Sar's ghost (mighty DsIE)
 26016 | D:15     | Killed Sar's ghost
 26233 | D:15     | Found a staircase to the Depths.
 26455 | D:15     | Learned a level 6 spell: Monstrous Menagerie
 26847 | Orc:1    | Entered Level 1 of the Orcish Mines
 26847 | Orc:1    | Noticed Psyche
 26857 | Orc:1    | Killed Psyche
 26857 | Orc:1    | Reached skill level 5 in Dodging
 26939 | Orc:1    | Noticed Maurice
 26953 | Orc:1    | Killed Maurice
 27600 | Orc:2    | Reached skill level 5 in Spellcasting
 28881 | Orc:4    | Entered Level 4 of the Orcish Mines
 28892 | Orc:4    | Found a staircase to the Elven Halls.
 28980 | Orc:4    | Found Lypuxaota's Antique Armour Shop.
 29130 | Orc:4    | Noticed Saint Roka
 29147 | Orc:4    | Killed Saint Roka
 29176 | Orc:4    | Found Neabeam's General Store.
 29323 | Orc:4    | Found Nantos' Antique Weapon Shoppe.
 29348 | Orc:4    | Bought an encrusted trident for 246 gold pieces
 29349 | Orc:4    | Identified the +5 trident "Uschuno" {antimagic, rElec rF+} (You bought it in a shop on level 4 of the Orcish Mines)
 29370 | Orc:4    | Found Omagoufo's Jewellery Emporium.
 29481 | Orc:4    | Found an ancient bone altar of Kikubaaqudgha.
 29884 | Elf:1    | Entered Level 1 of the Elven Halls
 30036 | Elf:1    | Noticed an Executioner
 30216 | Elf:1    | Identified the Catalogue of Companions
 31327 | Elf:2    | Received a gift from Sif Muna
 31328 | Elf:2    | Identified Kulil's Volume of the Voyage and Curses {god gift} (Sif Muna gifted it to you on level 2 of the Elven Halls)
 31369 | Elf:2    | Learned a level 2 spell: Blink
 31477 | Elf:2    | Noticed Kirke
 31497 | Elf:2    | Killed Kirke
 31775 | Elf:2    | Noticed Frances
 31801 | Elf:2    | Killed Frances
 32119 | Elf:2    | Noticed a deep elf blademaster
 32127 | Elf:2    | Killed a deep elf blademaster
 32131 | Elf:2    | Noticed Rupert
 32226 | Elf:2    | Paralysed by Rupert for 6 turns
 32234 | Elf:2    | Killed Rupert
 32234 | Elf:2    | Reached XP level 16. HP: 109/109 MP: 3/29
 33140 | Elf:2    | Reached skill level 10 in Dodging
 33151 | Elf:3    | Entered Level 3 of the Elven Halls
 33194 | Elf:3    | Reached skill level 16 in Summonings
 33263 | Elf:3    | Noticed Mara
 33487 | Elf:3    | Found a portal to a secret trove of treasure.
 33730 | Elf:3    | Noticed Mara
 33747 | Elf:3    | Killed Mara
 34304 | Elf:3    | Noticed a Brimstone Fiend
 34317 | Elf:3    | Received a gift from Sif Muna
 34385 | Elf:3    | Noticed a deep elf blademaster
 34396 | Elf:3    | Killed a deep elf blademaster
 34459 | Elf:3    | Noticed a deep elf master archer
 34465 | Elf:3    | Noticed a deep elf blademaster
 34467 | Elf:3    | Noticed a deep elf master archer
 34470 | Elf:3    | Killed from afar by a deep elf annihilator

Action                   |  1- 3 |  4- 6 |  7- 9 | 10-12 | 13-15 | 16-18 || total
-------------------------+-------+-------+-------+-------+-------+-------++-------
Melee: Mace              |    67 |       |       |       |       |       ||    67
       Club              |     9 |       |       |       |       |       ||     9
       Unarmed           |     4 |       |     2 |       |       |       ||     6
       Short sword       |    19 |       |       |       |       |       ||    19
       Spear             |    23 |       |       |       |       |       ||    23
       Quarterstaff      |    20 |   147 |   429 |  1158 |  2266 |   241 ||  4261
 Cast: Summon Small Mamm |     7 |       |     3 |       |       |       ||    10
       Call Imp          |     4 |     2 |    15 |    10 |     2 |       ||    33
       Call Canine Famil |     1 |     3 |    10 |    26 |    44 |     1 ||    85
       Summon Ice Beast  |       |       |       |    75 |   212 |    14 ||   301
       Summon Guardian G |       |       |       |       |    36 |     2 ||    38
       Summon Mana Viper |       |       |       |       |   131 |    60 ||   191
       Monstrous Menager |       |       |       |       |    58 |    46 ||   104
Invok: Channel Energy    |       |       |       |    85 |   695 |   188 ||   968
 Abil: Bottle Blood      |       |       |    31 |    93 |   148 |     1 ||   273
       Blink             |       |       |       |       |     2 |       ||     2
Evoke: Wand              |       |       |     2 |    10 |     1 |       ||    13
  Use: Potion            |     1 |     5 |    26 |    92 |   196 |     4 ||   324
       Scroll            |     1 |     4 |     6 |    22 |    27 |     5 ||    65
 Stab: Distracted        |     1 |       |     4 |     7 |    29 |     7 ||    48
       Sleeping          |       |     5 |     7 |    13 |     7 |       ||    32
       Paralysed         |       |     2 |     6 |    35 |    22 |       ||    65
       Petrified         |       |     1 |     3 |     5 |     5 |       ||    14
       Confused          |       |       |     5 |     2 |    10 |       ||    17
       Petrifying        |       |       |     4 |     4 |    11 |       ||    19
  Eat: Corpse            |    16 |    12 |     5 |       |    56 |    21 ||   110
